 Dungeon Crawl Stone Soup version 0.31.0-11-ge490571c62 (webtiles) character file.

Game seed: 4765859149409102358

100 qw the Shooter (level 4, -1/22 HPs)
             Began as a Spriggan Hunter on Feb 3, 2024.
             Slain by a kobold
             ... wielding a +0 whip
              (4 damage)
             ... on level 2 of the Dungeon.
             The game lasted 00:00:03 (1110 turns).

qw the Shooter (Spriggan Hunter)                    Turns: 1110, Time: 00:00:04

Health: -1/22      AC:  2    Str:  7    XL:     4   Next: 47%
Magic:  5/5        EV: 19    Int: 10    God:
Gold:   16         SH:  0    Dex: 20    Spells: 3/3 levels left

rFire   . . .        a - +0 shortbow
rCold   . . .        (shield currently unavailable)
rNeg    . . .        c - +0 robe
rPois   .            (helmet restricted)
rElec   .            (no cloak)
rCorr   .            (gloves unavailable)
SInv    +            (boots unavailable)
Will    .....        (no amulet)
Stlth   ++           (no ring)
HPRegen 0.23/turn    (no ring)
MPRegen 0.09/turn

%: no passive effects
@: very quick
A: very small, no large weapons, unfitting armour, see invisible, speed 3
a: no special abilities


You were on level 2 of the Dungeon.
You visited 1 branch of the dungeon, and saw 2 of its levels.

You collected 16 gold pieces.


Innate Abilities, Weirdness & Mutations

You are very small and have problems with some larger weapons.
You are too small for most types of armour.
You have supernaturally acute eyesight. (SInv)
You cover ground extremely quickly. (Speed+++)


   Skills:
 - Level 1.5 Fighting
 - Level 5.2 Ranged Weapons
 + Level 4.5 Dodging
 - Level 1.5 Stealth


You had 3 spell levels left.
You didn't know any spells.
Your spell library was empty.

Inventory:

Hand Weapons
 a - a +0 shortbow (weapon)
Armour
 c - a +0 robe (worn)
Scrolls
 b - a scroll of amnesia {unknown}
 d - a scroll of teleportation {unknown}
Potions
 f - a potion of enlightenment

Dungeon Overview and Level Annotations

Branches:
Dungeon (2/15)

Altars:

Annotations:
D:2 Robin


Message History

The goblin closely misses you. The hobgoblin misses you.
You shoot an arrow. The goblin shouts!
The arrow hits the goblin!
You kill the goblin!
Robin says, "Bow before me, strongest of all the hobgoblins!"
The goblin misses you. The hobgoblin misses you. The goblin misses you. x2
Robin throws the goblin at you!
You shoot an arrow. The arrow hits the goblin.
The goblin is severely wounded.
The goblin closely misses you. The kobold barely misses you.
The goblin completely misses you. x2; The hobgoblin closely misses you.
Robin roars a battlecry!
The goblins go into a battle-frenzy!
You shoot an arrow. The arrow hits the goblin.
You kill the goblin!
The hobgoblin closely misses you. The kobold hits you with a +0 whip.
The goblin hits you but does no damage. The goblin closely misses you.
You shoot an arrow. The arrow hits the goblin.
You kill the goblin!
The goblin closely misses you. The goblin completely misses you.
The kobold hits you but does no damage. The hobgoblin hits you.
You shoot an arrow. The arrow misses the goblin.
The goblin misses you. The goblin completely misses you.
The kobold completely misses you. The hobgoblin completely misses you.
You shoot an arrow. The arrow hits the goblin!
You kill the goblin!
The hobgoblin misses you. The kobold misses you.
The goblin barely misses you. x2
You shoot an arrow. The arrow hits the goblin!
You kill the goblin!
The kobold misses you. The goblin misses you.
You shoot an arrow.
The arrow completely misses the hobgoblin.
The hobgoblin hits you. The kobold closely misses you. The goblin misses you.
The hobgoblin hits you!
You shoot an arrow. The arrow barely misses Robin.
The hobgoblin closely misses you. Robin closely misses you.
The hobgoblin closely misses you. The goblin closely misses you.
The kobold hits you with a +0 whip.
You die...

#####
.)...######
..........#####
.)............#
..............#
.)...%........#
......Kgg.....#
.....gg@g(....#
.....###).....#
... ###....## ..
# ##....## #.#
####..## #.#
##..# #.#
##.#####.#
#.....#.#
############.#.#


You could see Robin, 2 hobgoblins, 2 goblins and a kobold.

Vanquished Creatures
  Natasha (twice) (D:2)
  2 adders (D:2)
  2 bats
  4 endoplasms
  11 goblins
  6 hobgoblins
  A quokka (D:1)
  A ball python (D:1)
  A rat (D:1)
30 creatures vanquished.

Notes
Turn   | Place    | Note
-------+----------+-------------------------------------------
     0 | D:1      | qw the Spriggan Hunter began the quest for the Orb.
     0 | D:1      | Reached XP level 1. HP: 10/10 MP: 2/2
     0 | D:1      | 0 ||| qw: Version: 0.3-a-157-g843a77d
     0 | D:1      | 0 ||| qw: Game counter: 3696
     0 | D:1      | 0 ||| qw: Melee chars always use a shield: true
     0 | D:1      | 0 ||| qw: God list: Okawaru
     0 | D:1      | 0 ||| qw: Allow faded altars: false
     0 | D:1      | 0 ||| qw: Do Orc after clearing Dungeon:15 true
     0 | D:1      | 0 ||| qw: Do second Lair branch before Depths: true
     0 | D:1      | 0 ||| qw: Lair rune preference: random
     0 | D:1      | 0 ||| qw: Goals: Normal
     0 | D:1      | 0 ||| PLANNING D:1-11
    99 | D:1      | Reached skill level 3 in Dodging
   480 | D:1      | Reached XP level 2. HP: 14/14 MP: 3/3
   485 | D:1      | HP: 3/14 [quokka (5)]
   881 | D:1      | 881 ||| READING 2 scrolls labelled BYKHID RAIMAKH.
   881 | D:1      | 881 ||| IDENTIFYING black potion
   882 | D:1      | 882 ||| READING scroll of identify.
   882 | D:1      | 882 ||| IDENTIFYING smoky amethyst potion
   883 | D:1      | 883 ||| DROPPING scroll of butterflies.
   938 | D:2      | 938 ||| FLEEEEING.
   939 | D:2      | 939 ||| STAIRDANCE
   950 | D:2      | Reached XP level 3. HP: 18/18 MP: 4/4
   972 | D:2      | Noticed Natasha
   973 | D:2      | 973 ||| FLEEEEING.
   975 | D:2      | 975 ||| FLEEEEING.
   976 | D:2      | 976 ||| FLEEEEING.
   977 | D:2      | 977 ||| FLEEEEING.
   978 | D:2      | 978 ||| FLEEEEING.
   979 | D:2      | 979 ||| FLEEEEING.
   981 | D:2      | 981 ||| FLEEEEING.
   982 | D:2      | 982 ||| FLEEEEING.
   983 | D:2      | 983 ||| FLEEEEING.
   984 | D:2      | 984 ||| FLEEEEING.
   997 | D:2      | HP: 2/18 [Natasha (6)]
   998 | D:2      | 998 ||| DRINKING potion of heal wounds.
  1001 | D:2      | Killed Natasha
  1010 | D:2      | Noticed Natasha
  1022 | D:2      | Killed Natasha
  1023 | D:2      | Reached skill level 5 in Ranged Weapons
  1023 | D:2      | Reached XP level 4. HP: 15/22 MP: 5/5
  1098 | D:2      | Noticed Robin
  1109 | D:2      | HP: 3/22 [hobgoblin[Robin] (7)]
  1110 | D:2      | Slain by a kobold

Levels and vault maps discovered:
D:1:      lemuel_arrival_room, layout_basic
D:2:      layout_basic, uniq_robin, uniq_natasha

Skill      XL: |  1  2  3 |
---------------+----------+-----
Dodging        | 3 4 |  4.5
Ranged Weapons | 5 |  5.2
Fighting       | |  1.5
Stealth        | |  1.5

Action                     |  1- 3 |  4- 6 || total
---------------------------+-------+-------++-------
   Fire: Shortbow          |    82 |    18 ||   100
    Use: Scroll            |     2 |       ||     2
         Potion            |     1 |       ||     1
 Armour: Robe              |    20 |    10 ||    30
  Dodge: Dodged            |    51 |    32 ||    83

Table legend:
 A = Non-vault XP
 B = Vault XP
 C = Vault XP percentage of total XP
 D = Non-vault monster count
 E = Vault monster count
 F = Vault count percentage of total count
                 A         B        C        D         E       F
            +---------+---------+-------+---------+---------+-------
      Total |      95 |      49 |  34.0 |      21 |       9 |  30.0
            +---------+---------+-------+---------+---------+-------
        D:1 |      26 |       0 |   0.0 |      14 |       0 |   0.0
        D:2 |      69 |      49 |  41.5 |       7 |       9 |  56.2
            +---------+---------+-------+---------+---------+-------
